 Dungeon Crawl Stone Soup version 0.31-a0-369-g8eba5f6939 (webtiles) character file.

Game seed: 3095734297989711298

3362 Shard1697 the Cleaver (level 9, 0/80 HPs)
             Began as an Armataur Gladiator on July 28, 2023.
             Was a Believer of Nemelex Xobeh.
             Succumbed to a killer bee's poison
             ... on level 8 of the Dungeon.
             The game lasted 00:10:03 (7217 turns).

Shard1697 the Cleaver (Armataur Gladiator)          Turns: 7217, Time: 00:10:03

Health: 0/80       AC:  9    Str: 23    XL:     9   Next: 73%
Magic:  12/12      EV:  8    Int: 10    God:    Nemelex Xobeh [**....]
Gold:   403        SH:  8    Dex: 11    Spells: 8/8 levels left

rFire   + . .        a - +1 war axe (protect)
rCold   + . .        C - +0 kite shield
rNeg    . . .        p - +2 robe {rC+ rF+}
rPois   .            k - +2 helmet
rElec   .            (no cloak)
rCorr   .            (no gloves)
SInv    .            (no barding)
Will    .....        (no amulet)
Stlth   +            (no ring)
HPRegen 0.33/turn    (no ring)
MPRegen 0.13/turn

%: roll
@: lethally poisoned (0 -> -4), hasted, invisible, very quick
A: large, rugged brown scales 3, deformed body, armoured tail, roll, long
tongue, awkward tongue
a: Renounce Religion, Draw Escape, Draw Destruction, Draw Summoning


You were on level 8 of the Dungeon.
You worshipped Nemelex Xobeh.
Nemelex Xobeh was pleased with you.
You visited 2 branches of the dungeon, and saw 9 of its levels.

You collected 403 gold pieces.

Inventory:

Hand Weapons
 a - a +1 war axe of protection (weapon)
 r - the +8 rapier "Aduox" {drain, rPois rCorr}
   (You found it on level 2 of the Dungeon)

   rPois:     It protects you from poison.
   rCorr:     It protects you from acid and corrosion.
 A - a +4 heavy flail
Missiles
 d - 3 throwing nets (quivered)
 m - 7 javelins
Armour
 k - a +2 helmet (worn)
 p - a +2 robe of resistance (worn)
 t - a +0 scale mail of poison resistance
 z - a +0 plate armour
 C - a +0 kite shield (worn)
Jewellery
 h - an amulet of guardian spirit
 o - an amulet of the acrobat
 x - a ring of flight
Wands
 f - a wand of polymorph (7)
 w - a wand of roots (8)
 y - a wand of flame (28)
Scrolls
 c - a scroll of revelation
 e - a scroll of blinking {unknown}
 g - 2 scrolls of enchant weapon
 l - a scroll of fear
 q - a scroll of fog {unknown}
 u - a scroll of identify
Potions
 i - 3 potions of might
 j - a potion of brilliance
 n - a potion of enlightenment


   Skills:
 * Level 6.0 Fighting
 * Level 9.8 Axes
 - Level 1.7 Throwing
 - Level 2.1 Dodging
 + Level 3.0 Shields
 + Level 4.0 Invocations


You had 8 spell levels left.
You didn't know any spells.
Your spell library contained the following spells:

 Spells                   Type           Power      Damage    Failure   Level
 Apportation              Tloc           0%         N/A       63%         1
 Freeze                   Ice            0%         1d3       63%         1
 Magic Dart               Conj           0%         1d3       63%         1
 Necrotise                Necr           0%         1d4       63%         1
 Summon Small Mammal      Summ           0%         N/A       63%         1
 Blink                    Tloc           0%         N/A       77%         2
 Searing Ray              Conj           0%         2d4       77%         2
 Frozen Ramparts          Ice            0%         1d1       94%         3
 Hailstorm                Conj/Ice       0%         3d3       94%         3
 Anguish                  Hex/Necr       0%         N/A       100%        4
 Cause Fear               Hex            0%         N/A       100%        4
 Fulminant Prism          Conj/Hex       0%         3d5       100%        4
 Manifold Assault         Tloc           0%         N/A       100%        4
 Summon Forest            Summ/Tloc      0%         N/A       100%        5
 Enfeeble                 Hex            0%         N/A       100%        7


Dungeon Overview and Level Annotations

Branches:
Dungeon (8/15)             Temple (1/1) D:5
   Lair: D:8-11

Altars:
Ashenzari
Cheibriados
Dithmenos
Elyvilon
Fedhas
Hepliaklqana
Kikubaaqudgha
Makhleb
Nemelex Xobeh
Okawaru
Ru
Sif Muna
Trog
Uskayaw
Vehumet
Wu Jian
Xom
Yredelemnul
Zin
The Shining One

Shops:
D:1 =


Innate Abilities, Weirdness & Mutations

You are completely covered in rugged brown scales. (AC +3, +7% HP)
Armour fits poorly on your strangely shaped body.
You have a long armoured tail.
You roll when moving toward enemies. (Rampage)
Your long tongue fully drains potion bottles. (2x potion effects)
Your tongue gives you trouble enunciating. (1.5x scroll delay)


Message History

The killer bee poisons you!
You feel very sick.
A killer bee comes into view.
The killer bee barely misses you.
There is a stone staircase leading down here.
You feel very sick.
The killer bee attacks as you move away!
The killer bee stings you but does no damage.
You feel very sick. The killer bee stings you!
* * * LOW HITPOINT WARNING * * *
You feel sick.
You fade into invisibility!
You slurp down every last drop of the potion of invisibility!
You feel sick. The killer bee closely misses you.
Okay, then.
You feel sick. You block the killer bee's attack.
You feel sick. The killer bee stings you.
* * * LOW HITPOINT WARNING * * *
You are lethally poisoned!
The killer bee poisons you!
* * * LOW HITPOINT WARNING * * *
You feel very sick. The killer bee closely misses you.
You feel yourself speed up.
You slurp down every last drop of the potion of haste!
* * * LOW HITPOINT WARNING * * *
You feel very sick. You block the killer bee's attack.
The killer bee barely misses you. x2
The killer bee closely misses you.
* * * LOW HITPOINT WARNING * * *
You feel sick. The killer bee closely misses you.
* * * LOW HITPOINT WARNING * * *
You feel sick.
* * * LOW HITPOINT WARNING * * *
You feel sick. You block the killer bee's attack.
* * * LOW HITPOINT WARNING * * *
You feel sick.
You die...
Your body disappears without a glow.

# #.#.:...........#
## #.#.#.#.........#
.# #.#.............#
.# #...###.........#
.######.####.......##
[...##....###.....##
.##.......######.##
.####.##.........#
...........#.###@#
.........yy..##..#
...#.#####.####y##
.###. #..# #y# ...
##.###.#### ...
##.y.yy..(## ....
##....y.....## ...
#.....†......##
#.............##


You could see 5 killer bees.

Vanquished Creatures
  The ghost of CraigForest the Martial Artist, a novice MfSh of Qazlal (D:5)
  A gargoyle (D:7)
  Grinder (D:5)
  An acid dragon (D:8)
  Edmund (D:4)
  Duvessa (D:5)
  An orc warrior (D:8)
  2 black bears
  A centaur (D:7)
  A phantom (D:6)
  4 bullfrogs
  A kobold brigand (D:7)
  A gnoll sergeant (D:5)
  6 scorpions
  3 wights (D:8)
  Dowan (D:5)
  6 orc priests
  2 jellies
  A gnoll bouda (D:7)
  3 sleepcaps
  3 iguanas
  5 orc wizards
  5 gnolls
  6 adders
  A white imp (D:8)
  A worm (D:2)
  3 dart slugs
  39 orcs
  5 endoplasms
  4 giant cockroaches
  5 goblins
  10 hobgoblins
  4 jackals (D:1)
  2 quokkas
  6 ball pythons
  10 bats
  3 frilled lizards
  12 kobolds
  7 rats
170 creatures vanquished.

Notes
Turn   | Place    | Note
-------+----------+-------------------------------------------
     0 | D:1      | Shard1697 the Armataur Gladiator began the quest for the
                  | Orb.
     0 | D:1      | Reached XP level 1. HP: 18/18 MP: 1/1
     5 | D:1      | Got the Incunabulum of the Map
   237 | D:1      | Reached skill level 3 in Axes
   237 | D:1      | Reached XP level 2. HP: 23/25 MP: 2/2
   696 | D:1      | Found Parati's Jewellery Shop.
   962 | D:2      | Reached XP level 3. HP: 26/31 MP: 3/3
  1055 | D:2      | Found a faded altar of an unknown god.
  1153 | D:2      | Identified the +8 rapier "Aduox" {drain, rPois rCorr}
  1255 | D:2      | You fall into a shaft and drop 2 floors!
  1363 | D:4      | Reached skill level 4 in Axes
  1547 | D:3      | Reached XP level 4. HP: 37/38 MP: 4/4
  2643 | D:4      | Reached XP level 5. HP: 34/43 MP: 5/5
  2741 | D:4      | Found a snail-covered altar of Cheibriados.
  3165 | D:5      | Entered Level 5 of the Dungeon
  3172 | D:5      | Noticed a black bear
  3185 | D:4      | Reached skill level 5 in Axes
  3411 | D:4      | Killed a black bear
  3412 | D:4      | Reached XP level 6. HP: 49/51 MP: 6/6
  3459 | D:5      | Reached skill level 6 in Axes
  3555 | D:5      | Found a shadowy altar of Dithmenos.
  3602 | D:5      | Noticed Edmund
  3919 | D:4      | Reached XP level 7. HP: 48/56 MP: 7/7
  4047 | D:4      | Killed Edmund
  4048 | D:4      | Reached skill level 7 in Axes
  4266 | D:5      | Noticed Grinder
  4268 | D:5      | Paralysed by Grinder for 5 turns
  4278 | D:5      | Paralysed by Grinder for 4 turns
  4286 | D:5      | Killed Grinder
  4287 | D:5      | Reached skill level 8 in Axes
  4287 | D:5      | Reached XP level 8. HP: 47/64 MP: 8/8
  4414 | D:5      | Found a staircase to the Ecumenical Temple.
  4422 | D:5      | Identified the +5 spear of Kiutuwib {venom, +Blink Dex+2}
  4422 | D:5      | Identified the +5 scale mail of Cityagh {Fly Int+3 Dex+6}
  4433 | D:5      | Found a transporter.
  4463 | Temple   | Entered the Ecumenical Temple
  4470 | Temple   | Became a worshipper of Nemelex Xobeh the Trickster
  4761 | D:5      | Noticed Duvessa
  4761 | D:5      | Noticed Dowan
  4768 | D:5      | Killed Duvessa
  4769 | D:5      | Reached skill level 1 in Invocations
  4773 | D:5      | Killed Dowan
  4818 | D:5      | Found a transporter.
  4823 | D:5      | Noticed CraigForest's ghost (novice MfSh)
  4968 | D:5      | Killed CraigForest's ghost
  5234 | D:6      | Reached skill level 9 in Axes
  5471 | D:6      | Reached XP level 9. HP: 71/77 MP: 9/11
  5574 | D:6      | Found a burning altar of Makhleb.
  5681 | D:6      | Reached skill level 1 in Shields
  5828 | D:7      | Reached * piety under Nemelex Xobeh
  5911 | D:7      | Found an ancient bone altar of Kikubaaqudgha.
  5918 | D:7      | Found a sacrificial altar of Ru.
  5921 | D:7      | Found a shimmering altar of Xom.
  5924 | D:7      | Found a hazy altar of Hepliaklqana.
  6121 | D:7      | Reached skill level 5 in Fighting
  6252 | D:7      | Noticed a gargoyle
  6261 | D:7      | HP: 2/79 [gargoyle/stone arrow (11)]
  6268 | D:7      | Killed a gargoyle
  6733 | D:7      | Received a gift from Nemelex Xobeh
  7150 | D:8      | Reached ** piety under Nemelex Xobeh
  7213 | D:8      | HP: 4/80 [poisoned by a killer bee]
  7215 | D:8      | HP: 1/80 [poisoned by a killer bee]
  7217 | D:8      | Succumbed to a killer bee's poison

Illustrated notes

Levels and vault maps discovered:
D:1:      psy_arrival_spokes, layout_basic, serial_shops, shop,
          minmay_misc_feat_plants
D:2:      minmay_spotlight, layout_basic,
          hellmonk_ecumenical_altar_pennies_from_heaven, minmay_misc_feat_five,
          kennysheep_cross_bottleneck, minmay_diced_spiral
D:3:      layout_basic
D:4:      layout_loops_corners, lemuel_crystal_altar
D:5:      dreamdust_elfheim, layout_basic, old_standard_altar,
          minmay_temple_entry_proselytizer, gammafunk_ghost_gnarly_gnolls,
          uniq_edmund, uniq_duvessa, uniq_grinder
D:6:      layout_cave_pools, pf_just_have_faith
D:7:      layout_loops_ring, grunt_temple_overflow_cloverleaf
D:8:      layout_rooms, serial_glass, glass_columns_a, glass_columns_c,
          dk_rats_in_the_wall
Temple:   cyrus_circular_temple

Skill      XL: |  1  2  3  4  5  6  7  8  9 |
---------------+----------------------------+-----
Axes           | 3 4 5 6 8 9 |  9.8
Fighting       | 4 6 |  6.0
Invocations    | 2 4 |  4.0
Shields        | 3 |  3.0
Throwing       | |  1.7
Dodging        | |  2.1

Action                     |  1- 3 |  4- 6 |  7- 9 || total
---------------------------+-------+-------+-------++-------
  Melee: War axe           |    87 |       |   171 ||   258
         Tailslap          |    10 |    10 |    32 ||    52
         Punch             |     1 |     1 |     1 ||     3
         Rapier            |    24 |   106 |    67 ||   197
         Unarmed           |       |       |    13 ||    13
    Use: Scroll            |       |       |    13 ||    13
         Potion            |       |       |    10 ||    10
   Stab: Sleeping          |     2 |       |     1 ||     3
         Invisible         |       |       |     4 ||     4
 Armour: Leather armour    |    38 |       |       ||    38
         Robe              |    18 |    73 |   110 ||   201
  Dodge: Dodged            |    50 |    72 |   109 ||   231
  Block: Kite shield       |       |       |    89 ||    89

Table legend: (Time is in decaauts)
 A = Elapsed time spent in this place.
 B = Non-inter-level travel time spent in this place.
 C = Inter-level travel time spent in this place.
 D = Time resting spent in this place.
 E = Time spent auto-exploring this place.
 F = Levels seen in this place.
 G = Mean time per level.
                   A        B        C        D        E       F      G
               +--------+--------+--------+--------+--------+-----+--------+
         Total |   7324 |   6985 |    339 |    786 |   4808 |   9 |  813.8 |
       Dungeon |   7309 |   6976 |    333 |    786 |   4808 |   8 |  913.6 |
        Temple |     14 |      8 |      6 |      0 |      0 |   1 |   14.0 |
               +--------+--------+--------+--------+--------+-----+--------+

Top non-repeatable levels by time:
     D:4: 1462 daAuts
     D:5: 1378 daAuts
     D:7: 1001 daAuts
     D:1: 978 daAuts
     D:2: 933 daAuts
     D:6: 592 daAuts
     D:3: 524 daAuts
     D:8: 438 daAuts
  Temple: 14 daAuts
